 Dungeon Crawl Stone Soup version 0.19-a0-1155-gb6eeeff (webtiles) character file.

5987 Gagarin the Merchant of Misery (level 10, 0/80 HPs)
             Began as a Deep Dwarf Necromancer on Aug 13, 2016.
             Was a Believer of Kikubaaqudgha.
             Slain by a hill giant
             ... wielding a +0 giant spiked club
              (12 damage)
             ... on level 9 of the Dungeon on Aug 14, 2016.
             The game lasted 00:57:56 (10562 turns).

Gagarin the Merchant of Misery (DDNe)              Turns: 10562, Time: 00:57:56

Health: 0/80       AC:  7    Str: 13    XL:     10   Next: 55%
Magic:  32/32      EV: 15    Int: 18    God:    Kikubaaqudgha [**....]
Gold:   445        SH:  0    Dex: 13    Spells: 8 memorised, 10 levels left

rFire  + . .     SeeInvis +     z - +9 staff of Olgreb {rPois}
rCold  . . .     Gourm    .     a - +1 robe
rNeg   . . .     Faith    .     (no shield)
rPois  ∞         Spirit   .     f - +2 helmet {SInv}
rElec  .         Dismiss  .     (no cloak)
rCorr  .         Reflect  .     (no gloves)
MR     +....     Harm     .     B - +0 pair of boots
Stlth  +++.......               (no amulet)
                                I - ring of protection from fire
                                P - ring of magical power

@: non-regenerating, repel missiles
A: damage resistance, recharge devices, sense surroundings 2, slow regeneration
3
a: Device Recharging, Receive Corpses, Renounce Religion


You were on level 9 of the Dungeon.
You worshipped Kikubaaqudgha.
Kikubaaqudgha was pleased with you.
You were not hungry.

You visited 2 branches of the dungeon, and saw 11 of its levels.

You collected 525 gold pieces.
You spent 80 gold pieces at shops.

Inventory:

Hand Weapons
 t - a +3 flail
 y - a +4 mace of draining
 z - the +9 staff of Olgreb (weapon) {rPois}
   (You found it on level 5 of the Dungeon)

   It protects you from poison.
 L - a +1 hand crossbow of flaming
 N - the +8 spear of Pobuin {antimagic, rPois Int+2, unknown}
   (You found it on level 8 of the Dungeon)

   It reduces the magical energy of the wielder, and disrupts the spells and
   magical abilities of those hit.
   Natural abilities and divine invocations are not affected.
   It affects your intelligence (+2).
   It protects you from poison.
Missiles
 q - 57 bolts
Armour
 a - a +1 robe (worn)
 f - a +2 helmet of see invisible (worn)
 B - a +0 pair of boots (worn)
Jewellery
 G - an uncursed ring of fire
 I - a ring of protection from fire (right hand)
 P - a ring of magical power (left hand)
Wands
 c - a wand of heal wounds (0/9)
 D - a wand of heal wounds (3/9)
Scrolls
 k - a scroll of enchant weapon
 s - 8 scrolls of identify
 x - 4 scrolls of remove curse
 A - a scroll of enchant armour
 F - 2 scrolls of fog {unknown}
 H - 2 scrolls of magic mapping
 M - a scroll of recharging {unknown}
 O - a scroll of amnesia {unknown}
Potions
 e - a potion of beneficial mutation {unknown}
 g - 4 potions of degeneration {unknown}
 h - 6 potions of curing
 i - 3 potions of agility
 l - 2 potions of invisibility {unknown}
 p - a potion of mutation {unknown}
 r - 2 potions of cancellation {unknown}
 u - 4 potions of heal wounds {unknown}
 w - a potion of berserk rage
 E - 3 potions of might {unknown}
 K - a potion of magic
Books
 b - a book of Necromancy

   Spells                             Type                      Level
   a - Pain                           Necromancy                   1
   b - Animate Skeleton               Necromancy                   1
   c - Vampiric Draining              Necromancy                   3
   d - Regeneration                   Charms/Necromancy            3
   e - Animate Dead                   Necromancy                   4
   f - Control Undead                 Necromancy                   4
 n - a book of Minor Magic

   Spells                             Type                      Level
   a - Magic Dart                     Conjuration                  1
   b - Blink                          Translocation                2
   c - Call Imp                       Summoning                    2
   d - Repel Missiles                 Charms/Air                   2
   e - Slow                           Hexes                        2
   f - Conjure Flame                  Conjuration/Fire             3
   g - Mephitic Cloud                 Conjuration/Poison/Air       3
 J - Kikubaaqudgha's Catalogue of Stolen Souls
   (Kikubaaqudgha gifted it to you on level 8 of the Dungeon)

   Spells                             Type                      Level
   a - Animate Skeleton               Necromancy                   1
   b - Corpse Rot                     Necromancy                   2
   c - Sublimation of Blood           Necromancy                   2
   d - Vampiric Draining              Necromancy                   3
   e - Control Undead                 Necromancy                   4
Comestibles
 d - 13 bread rations
 j - a slice of pizza
 m - 4 beef jerkies
 o - 4 fruits
 v - 3 meat rations
 C - 2 royal jellies


   Skills:
 + Level 2.2 Fighting
 + Level 0.4(0.9) Maces & Flails
 + Level 1.0(1.1) Staves
 + Level 5.7 Dodging
 + Level 4.8 Stealth
 + Level 0.1 Unarmed Combat
 + Level 9.1 Spellcasting
 + Level 1.3 Conjurations
 + Level 0.3 Charms
 + Level 1.0 Summonings
 + Level 11.0 Necromancy
 + Level 0.5 Air Magic
 + Level 0.8 Poison Magic
 + Level 1.1 Evocations


You had 10 spell levels left.
You knew the following spells:

 Your Spells              Type           Power        Failure   Level  Hunger
a - Pain                  Necr           ####         1%          1    None
b - Animate Skeleton      Necr           N/A          1%          1    None
c - Vampiric Draining     Necr           #####.....   1%          3    None
d - Call Imp              Summ           ##......     12%         2    None
e - Magic Dart            Conj           ##..         6%          1    None
f - Animate Dead          Necr           N/A          1%          4    ###....
g - Mephitic Cloud        Conj/Pois/Air  ###.....     21%         3    None
h - Repel Missiles        Chrm/Air       #.....       12%         2    None


Dungeon Overview and Level Annotations

Branches:
Dungeon (10/15)            Temple (1/1) D:6
   Lair: D:8-11         Orc: D:9-12

Altars:
Ashenzari
Cheibriados
Dithmenos
Elyvilon
Fedhas
Gozag
Hepliaklqana
Kikubaaqudgha
Makhleb
Nemelex Xobeh
Okawaru
Pakellas
Qazlal
Ru
Sif Muna
Trog
Uskayaw
Vehumet
Xom
Yredelemnul
Zin
The Shining One

Shops:
D:6 *   D:9 !%%

Annotations:
D:4 Grinder
D:5 1 runed door


Innate Abilities, Weirdness & Mutations

You are resistant to damage.
You can recharge devices by infusing magical energy.
You passively map the area around you.
You do not regenerate naturally.


Message History

Kikubaaqudgha accepts your kill.
Your Spellcasting skill increases to level 9!
Your Necromancy skill increases to level 11!
You see here a giant spiked club.
You start resting.
Magic restored.
Things that are here:
a dagger; a club Partly explored, can't reach some items.
There is a stone staircase leading down here.
You climb downwards.
The hill giant hits you with a giant spiked club!
* * * LOW HITPOINT WARNING * * *
There is a stone staircase leading up, spattered with blood here.
The hill giant closely misses you.
You climb upwards.
There is a stone staircase leading down here.
The hill giant hits you with a giant spiked club!
You die...
Kikubaaqudgha rasps: "You have failed me!
Welcome... death!"

.........#....#....#............#
.........'....#....#............#
<........#....#....#............#
.........#....#.................#
.........#....#..................
........................##.......
..................Z.....##.......
..........)(....#+##....##.......
..........(.....@>.(.............
.######.(.(.(...)C)##..........##
.######).<.........#...........#
.##................#...........#
.##................#...........##
.##................#..........(..
.##........(.......#.............
.##................#...#######..)
.#####.............#.........#...


You could see a hill giant.

Vanquished Creatures
  Pikel (D:7)
  A hill giant (D:9)
  Joseph (D:7)
  A troll (D:9)
  A spriggan (D:7)
  2 hippogriffs
  A soldier ant (D:5)
  3 water moccasins
  Duvessa (D:7)
  2 sky beasts (D:8)
  An orc warrior (D:8)
  2 ice beasts (D:8)
  3 slaves (D:7)
  An eye of draining (D:9)
  4 ogres
  4 centaurs
  3 big kobolds
  4 giant frogs
  Blork the orc (D:4)
  A gnoll sergeant (D:7)
  Dowan (D:7)
  2 scorpions
  10 killer bees
  6 crimson imps
  A quasit (D:7)
  4 orc priests
  A jelly (D:5)
  A giant frog skeleton (D:8)
  4 orc wizards
  12 worker ants
  A hound skeleton (D:4)
  A worker ant zombie (D:5)
  9 gnolls
  14 adders
  A shadow imp (D:9)
  An adder zombie (D:5)
  3 worms
  3 dart slugs
  6 giant geckos
  12 orcs
  2 ball pythons
  5 giant cockroaches
  7 goblins
  4 hobgoblins
  6 jackals
  6 quokkas
  11 bats
  2 giant newts
  17 kobolds
  A quokka skeleton (D:4)
  5 rats
197 creatures vanquished.

Vanquished Creatures (collateral kills)
  Sigmund (D:2)
  The ghost of eragonby the Conjurer, an amateur DECj (D:4)
  An ogre (D:4)
  2 killer bees (D:5)
  A centaur zombie (D:8)
  A giant frog skeleton (D:8)
  A worker ant (D:5)
  A shadow imp (D:5)
  An orc (D:5)
  A jackal skeleton (D:4)
11 creatures vanquished.

Grand Total: 208 creatures vanquished

Notes
Turn   | Place    | Note
-------+----------+-------------------------------------------
     0 | D:1      | Gagarin the Deep Dwarf Necromancer began the quest for the Orb.
     0 | D:1      | Reached XP level 1. HP: 15/15 MP: 3/3
   136 | D:1      | Reached XP level 2. HP: 22/22 MP: 1/4
   433 | D:1      | Learned a level 1 spell: Animate Skeleton
   478 | D:1      | Reached skill level 5 in Necromancy
   642 | D:2      | Reached XP level 3. HP: 20/28 MP: 4/6
   647 | D:2      | Learned a level 3 spell: Vampiric Draining
  1418 | D:2      | Noticed Sigmund
  1635 | D:3      | Reached XP level 4. HP: 36/36 MP: 0/7
  2537 | D:4      | Got a dazzling leather armour
  2538 | D:4      | Identified the +0 leather armour of Beus Ori {rElec MR+ Int-4 SInv} (You found it on level 4 of the Dungeon)
  2768 | D:4      | Reached XP level 5. HP: 42/42 MP: 6/9
  2956 | D:4      | Found a blossoming altar of Fedhas.
  2975 | D:4      | Noticed Grinder
  2998 | D:4      | Paralysed by Grinder for 6 turns
  3018 | D:4      | Noticed Blork the orc
  3176 | D:4      | Noticed eragonby's ghost (amateur DECj)
  3270 | D:5      | Entered Level 5 of the Dungeon
  3270 | D:5      | Found a runed gate.
  3270 | D:5      | Noticed a water moccasin
  3270 | D:5      | Noticed a water moccasin
  3283 | D:5      | Found a runed door.
  3289 | D:5      | Learned a level 2 spell: Call Imp
  3294 | D:5      | Found a runed gate.
  3295 | D:5      | Found a runed gate.
  3429 | D:5      | Learned a level 1 spell: Magic Dart
  3654 | D:5      | Reached skill level 6 in Necromancy
  3861 | D:5      | Reached XP level 6. HP: 46/49 MP: 0/11
  4000 | D:5      | Noticed a soldier ant
  4008 | D:5      | Found a runed door.
  4041 | D:5      | Learned a level 4 spell: Animate Dead
  4072 | D:5      | Noticed a soldier ant
  4104 | D:4      | Killed a water moccasin
  4242 | D:4      | Reached XP level 7. HP: 5/56 MP: 7/13
  4296 | D:4      | Killed eragonby's ghost
  4296 | D:4      | Reached skill level 1 in Evocations
  4326 | D:4      | Learned a level 3 spell: Mephitic Cloud
  4435 | D:4      | Killed Blork the orc
  4834 | D:5      | Reached skill level 5 in Spellcasting
  4834 | D:5      | Reached skill level 7 in Necromancy
  4958 | D:5      | Reached XP level 8. HP: 47/63 MP: 6/16
  5425 | D:2      | Killed Sigmund
  5849 | D:5      | Reached skill level 8 in Necromancy
  5855 | D:5      | Reached skill level 1 in Conjurations
  5868 | D:5      | Reached skill level 1 in Fighting
  6080 | D:6      | Found an opulent altar of Gozag.
  6221 | D:6      | Found Xigeboat's Serpentskin Sales.
  6244 | D:6      | Found a staircase to the Ecumenical Temple.
  6275 | Temple   | Entered the Ecumenical Temple
  6321 | Temple   | Became a worshipper of Kikubaaqudgha
  6961 | D:7      | Noticed Joseph
  7050 | D:7      | Learned a level 2 spell: Repel Missiles
  7098 | D:7      | Killed Joseph
  7098 | D:7      | Gained mutation: You passively map the area around you. [Deep Dwarf growth]
  7098 | D:7      | Reached XP level 9. HP: 42/70 MP: 0/19
  7266 | D:7      | Reached skill level 9 in Necromancy
  7520 | D:7      | Noticed Duvessa
  7520 | D:7      | Noticed Dowan
  7533 | D:7      | Killed Duvessa
  7543 | D:7      | Killed Dowan
  8159 | D:7      | Noticed Pikel
  8169 | D:7      | Killed Pikel
  8169 | D:7      | Reached skill level 5 in Dodging
  8169 | D:7      | Reached skill level 10 in Necromancy
  8779 | D:8      | Reached * piety under Kikubaaqudgha
  8779 | D:8      | Received a gift from Kikubaaqudgha
  8780 | D:8      | Identified Kikubaaqudgha's Catalogue of Stolen Souls (Kikubaaqudgha gifted it to you on level 8 of the Dungeon)
  8890 | D:8      | Reached XP level 10. HP: 34/79 MP: 5/22
  8978 | D:8      | Got a steaming spear
  9468 | D:9      | Reached skill level 1 in Summonings
  9668 | D:9      | Reached ** piety under Kikubaaqudgha
  9766 | D:9      | Reached skill level 1 in Staves
  9903 | D:9      | Found Totwaoff's Food Shop.
  9909 | D:9      | Found Bireugy's Food Emporium.
  9914 | D:9      | Found Atwob's Distillery.
  9938 | D:9      | Bought a potion of magic for 80 gold pieces
 10382 | D:10     | Entered Level 10 of the Dungeon
 10382 | D:10     | Noticed a hill giant
 10382 | D:10     | Noticed a hill giant
 10425 | D:9      | Killed a hill giant
 10425 | D:9      | Reached skill level 11 in Necromancy
 10562 | D:9      | Slain by a hill giant

Vault maps used:
D:1:      lightli_arrival_boilingwater
D:2:      first_bread, uniq_sigmund
D:3:      corexii_shack
D:4:      fedhas_altar_3, uniq_blork_the_orc, uniq_grinder
D:5:      minmay_guarded_unrand_staff_of_olgreb
D:6:      old_standard_altar, serial_glass, glass_columns_a, glass_columns_b,
          guppyfry_shop_venom
D:7:      serial_co_window_serial, co_window_paths_a, co_window_paths_a,
          co_window_corner_a, co_window_paths_b, co_window_paths_a,
          co_window_corner_b, co_window_of_opportunity_b, co_window_broadway_a,
          co_window_unsneaky_path_e, co_window_corner_b, glass_columns_a,
          glass_columns_a, glass_columns_a, glass_columns_b,
          minmay_tree_intersection, the_bakery, uniq_joseph, uniq_duvessa,
          uniq_pikel
D:9:      lemuel_ice_spiral_2, serial_shops, shop, shop, shop
D:10:     david_lair_shrubbed, uniq_gastronok
Temple:   compressed_dpeg_triangle_lava_temple

Skill      XL: |  1  2  3  4  5  6  7  8  9 10 |
---------------+-------------------------------+-----
Spellcasting   | 2 3 4 5 6 8 9 |  9.1
Necromancy     | 5 6 7 8 10 11 | 11.0
Stealth        | 3 4 |  4.8
Dodging        | 3 4 5 |  5.7
Evocations     | 1 |  1.1
Conjurations   | 1 |  1.3
Fighting       | 1 2 |  2.2
Summonings     | 1 |  1.0
Staves         | 1 |  1.0
Maces & Flails | |  0.4
Unarmed Combat | |  0.1
Charms         | |  0.3
Air Magic      | |  0.5
Poison Magic   | |  0.8

Action                   |  1- 3 |  4- 6 |  7- 9 | 10-12 || total
-------------------------+-------+-------+-------+-------++-------
Melee: Unarmed           |    13 |       |       |       ||    13
       Club              |    15 |       |       |       ||    15
       Whip              |     9 |    21 |       |       ||    30
       Flail             |       |    19 |     1 |       ||    20
       Mace              |       |     4 |     8 |       ||    12
       Staff             |       |       |    74 |    98 ||   172
 Cast: Pain              |    56 |    94 |    97 |    22 ||   269
       Animate Skeleton  |     9 |    13 |    12 |     3 ||    37
       Vampiric Draining |     8 |    10 |    70 |    42 ||   130
       Magic Dart        |       |    10 |    24 |     2 ||    36
       Call Imp          |       |     3 |     6 |     1 ||    10
       Mephitic Cloud    |       |       |    11 |     6 ||    17
       Repel Missiles    |       |       |     1 |     1 ||     2
       Animate Dead      |       |       |     1 |     2 ||     3
Evoke: Wand              |       |     4 |     1 |     2 ||     7
  Use: Scroll            |       |     5 |     5 |       ||    10
       Potion            |       |       |     1 |       ||     1
 Stab: Sleeping          |       |     3 |       |     2 ||     5
       Confused          |       |       |     2 |     1 ||     3
  Eat: Chunk             |     4 |     9 |    17 |     3 ||    33
       Fruit             |       |       |     1 |       ||     1
       Meat ration       |       |       |       |     1 ||     1
Armor: Robe              |    31 |    36 |    48 |    33 ||   148
Dodge: Dodged            |    62 |    88 |   133 |   101 ||   384
       Deflected         |       |       |     2 |     2 ||     4
